[Event "Titled Tuesday Blitz August 08 Late 2023"]
[White "Garrido Outon, Alex"]
[Black "Kohler, Aran"]
[WhiteFideId "24516279"]
[BlackFideId "1002856"]
[WhiteElo "2467"]
[BlackElo "2248"]
[Result "1-0"]
[Round "2"]
[TimeControl "180+1"]
[Date "2023.08.08"]
[WhiteClock "0:00:22"]
[BlackClock "0:00:08"]
[Board "170"]

1. Nf3 d6 2. d3 Bg4 3. e4 c5 4. h3 Bh5 5. g4 Bg6 6. Nh4 e6 7. Nxg6 hxg6 8. Bg2 Nc6 9. Be3 Qb6 10. Qc1 Be7 11. Nd2 Qc7 12. O-O Nf6 13. c3 d5 14. f4 O-O-O 15. e5 Nd7 16. d4 Kb8 17. Qb1 cxd4 18. cxd4 Qb6 19. Nf3 g5 20. fxg5 Ncxe5 21. Bf4 Bd6 22. Kh1 Ng6 23. Bxd6+ Qxd6 24. Qe1 Ka8 25. Rc1 Nb6 26. Ne5 Nxe5 27. dxe5 Qe7 28. Rf3 Rc8 29. Rxc8+ Rxc8 30. Qf2 Qxg5 31. Rxf7 Qxe5 32. h4 Rc1+ 33. Bf1 Nc8 34. Rf8 b6 35. h5 Qe4+ 36. Qg2 Qxg2+ 37. Kxg2 Kb7 38. g5 Rc3 39. h6 Rc2+ 40. Kg3 gxh6 41. gxh6 Rxb2 42. h7 Rxa2 43. h8=Q Nd6 44. Rb8+ Kc6 45. Qc3+ Nc4 46. Bxc4 dxc4 47. Qxc4+ Kd6 48. Qxa2 Kc7 49. Re8 a5 50. Qxe6 Kb7 51. Qc8+ Ka7 52. Qa8# 1-0


[Site "https://www.chess.com"]

[Event "Titled Tuesday Blitz August 08 Late 2023"]
[White "Krasteva, Beloslava"]
[Black "Delorme, Axel"]
[WhiteFideId "2922029"]
[BlackFideId "632023"]
[WhiteElo "2238"]
[BlackElo "2466"]
[Result "1-0"]
[Round "2"]
[TimeControl "180+1"]
[Date "2023.08.08"]
[WhiteClock "0:01:16"]
[BlackClock "0:00:04"]
[Board "171"]

1. c4 e6 2. Nc3 d5 3. e3 Nf6 4. d4 c5 5. cxd5 exd5 6. Nf3 Nc6 7. Bb5 cxd4 8. Nxd4 Bd7 9. O-O Bd6 10. Be2 O-O 11. Nf3 Be6 12. b3 Rc8 13. Bb2 Re8 14. Nb5 Bb8 15. Nbd4 Ne4 16. Rc1 Qf6 17. Bb5 Nxd4 18. Bxd4 Qh6 19. Bxe8 Rxc1 20. Qxc1 Ng5 21. Ne5 Qf6 22. f4 Ne4 23. Bd7 1-0


[Site "https://www.chess.com"]

[Event "Titled Tuesday Blitz August 08 Late 2023"]
[White "Arnold, Ken"]
[Black "Fernandez Hernandez, Gerardo"]
[WhiteFideId "2056836"]
[BlackFideId "2207400"]
[WhiteElo "2465"]
[BlackElo "2234"]
[Result "1-0"]
[Round "2"]
[TimeControl "180+1"]
[Date "2023.08.08"]
[WhiteClock "0:00:07"]
[BlackClock "0:00:00"]
[Board "172"]

1. d4 Nf6 2. Nf3 g6 3. g3 Bg7 4. Bg2 O-O 5. O-O d5 6. b3 Ne4 7. Bb2 c5 8. Nbd2 Nc6 9. e3 Bg4 10. h3 Nxd2 11. Qxd2 Bxf3 12. Bxf3 cxd4 13. exd4 Qd7 14. Kg2 Rac8 15. Rac1 e6 16. Rfd1 Rfd8 17. h4 h5 18. c3 Ne7 19. Qd3 Nf5 20. Rc2 a6 21. a4 Rc7 22. Rh1 Rdc8 23. Re2 b5 24. axb5 Qxb5 25. Qd1 Rxc3 26. Bxc3 Rxc3 27. Rd2 Rxb3 28. Be2 Qb6 29. Bxa6 Nxd4 30. Bd3 e5 31. f3 f5 32. Rf2 e4 33. fxe4 fxe4 34. Bf1 Qb8 35. Rh3 Kh7 36. Rf7 Rb2+ 37. Kh1 Nf3 38. Qxd5 Rb1 39. Rxf3 exf3 40. Qxf3 Qb3 41. Qxb3 Rxb3 42. Kg2 Be5 43. Be2 Rb2 44. Kf3 Kg7 45. Rh1 Rb3+ 46. Ke4 Bf6 47. Bf3 Rb4+ 48. Kd5 Rb3 49. Rf1 Rb5+ 50. Ke6 Rb6+ 51. Kd7 Rb3 52. Ke8 Rb8+ 53. Kd7 Rb3 54. Ke6 Rb6+ 55. Kd5 Rb5+ 56. Kc4 Re5 57. Kd3 Ra5 58. Be4 Ra3+ 59. Kc4 Rxg3 60. Kd5 Rg4 61. Bd3 Rxh4 62. Ke6 Bd4 63. Rf7+ Kh6 64. Rf8 Bg7 65. Rf7 Rf4 66. Rxf4 g5 67. Rf7 g4 68. Kf5 1-0


[Site "https://www.chess.com"]

[Event "Titled Tuesday Blitz August 08 Late 2023"]
[White "Schut, Han"]
[Black "Garakov, Mikhael"]
[WhiteFideId "1005561"]
[BlackFideId "4169034"]
[WhiteElo "2224"]
[BlackElo "2465"]
[Result "0-1"]
[Round "2"]
[TimeControl "180+1"]
[Date "2023.08.08"]
[WhiteClock "0:00:00"]
[BlackClock "0:00:14"]
[Board "173"]

1. e4 c5 2. Nf3 e6 3. c4 b6 4. Nc3 Bb7 5. Be2 d6 6. d4 cxd4 7. Nxd4 Nf6 8. f3 a6 9. Be3 Be7 10. Rc1 O-O 11. Qd2 Re8 12. O-O Bf8 13. Rfd1 Nc6 14. Bf1 Rc8 15. Qf2 Nxd4 16. Bxd4 Nd7 17. b4 Qc7 18. Na4 b5 19. cxb5 Qxc1 20. Rxc1 Rxc1 21. Qb2 Rxf1+ 22. Kxf1 axb5 23. Nc3 Rc8 24. Nxb5 e5 25. Be3 d5 26. exd5 Bxd5 27. a4 e4 28. Nc3 Bc4+ 29. Kf2 Ne5 30. Kg3 Nd3 31. Qd2 Bxb4 32. fxe4 Ba6 33. Bd4 Rd8 34. Qe3 Bd6+ 35. e5 Bb8 36. Nb5 Bxb5 37. axb5 Rxd4 38. Qxd4 Bxe5+ 39. Qxe5 Nxe5 40. Kf4 Nd7 41. Ke4 Kf8 42. Kd5 Nb6+ 43. Kc6 Na4 44. b6 Nxb6 45. Kxb6 Ke7 46. Kc5 Ke6 47. Kd4 Kf5 48. Ke3 Kg4 49. Ke4 f5+ 50. Ke3 g5 51. Ke2 Kf4 52. Kf2 Ke4 53. Ke2 h5 54. Kf2 f4 55. Ke2 g4 56. Kf2 f3 57. gxf3+ gxf3 58. Kf1 Ke3 59. Ke1 h4 60. h3 Ke4 61. Kf1 Kf5 0-1


[Site "https://www.chess.com"]

[Event "Titled Tuesday Blitz August 08 Late 2023"]
[White "Zeman, Matyas"]
[Black "Biliy, Vadim"]
[WhiteFideId "364398"]
[BlackFideId "14114127"]
[WhiteElo "2463"]
[BlackElo "2222"]
[Result "1-0"]
[Round "2"]
[TimeControl "180+1"]
[Date "2023.08.08"]
[WhiteClock "0:00:17"]
[BlackClock "0:00:00"]
[Board "174"]

1. d4 c5 2. d5 f5 3. Nc3 Nf6 4. Bg5 Qb6 5. Bxf6 Qxf6 6. e3 e5 7. Nge2 d6 8. Ng3 a6 9. a4 g6 10. Bc4 Bg7 11. O-O O-O 12. f3 Kh8 13. Ra3 Rf7 14. Rb3 h5 15. a5 h4 16. Nh1 Qg5 17. Qe2 Bh6 18. Na4 Nd7 19. Nf2 Rb8 20. Nb6 Nxb6 21. Nh3 Qh5 22. Rxb6 Bf8 23. f4 Qxe2 24. Bxe2 e4 25. Ng5 Rf6 26. Bc4 Be7 27. c3 Bd8 28. Rxd6 Rxd6 29. Nf7+ Kg7 30. Nxd6 Bxa5 31. Bb3 Bd7 32. Rd1 Bc7 33. Nc4 b5 34. Ne5 Rd8 35. d6 Bb6 36. Bd5 c4 37. Kf2 Bc8 38. Bc6 a5 39. Bxb5 Bc5 40. d7 Bb7 41. Bc6 Ba6 42. Rd5 Bb6 43. Bb5 Bb7 44. Rd6 Bc7 45. Rxg6+ Kh7 46. Rf6 Bxe5 47. fxe5 Kg7 48. Rxf5 1-0


[Site "https://www.chess.com"]

[Event "Titled Tuesday Blitz August 08 Late 2023"]
[White "Josgar05"]
[Black "Yedidia, Daniel"]
[BlackFideId "30905907"]
[WhiteElo "2218"]
[BlackElo "2462"]
[Result "1-0"]
[Round "2"]
[TimeControl "180+1"]
[Date "2023.08.08"]
[WhiteClock "0:00:39"]
[BlackClock "0:00:02"]
[Board "175"]

1. Nf3 d5 2. d3 Nc6 3. g3 e5 4. Nbd2 Bc5 5. Bg2 f5 6. O-O Nf6 7. c3 O-O 8. e4 dxe4 9. dxe4 Nxe4 10. Qb3+ Kh8 11. Nxe4 fxe4 12. Ng5 Qe7 13. Nxe4 Be6 14. Qxb7 Na5 15. Qb5 Bb6 16. b3 Bd7 17. Qe2 Rae8 18. Bg5 Qf7 19. Rad1 Bc6 20. Be3 h6 21. Rd2 Rd8 22. Rfd1 Rxd2 23. Rxd2 Bb7 24. h4 Bc8 25. Bc5 Re8 26. Bxb6 axb6 27. Qf3 Qg6 28. h5 Qe6 29. Bf1 Bb7 30. Qe3 Nc6 31. Bg2 Ne7 32. Ng5 hxg5 33. Bxb7 Qf6 34. Be4 Rf8 35. Bb1 Nf5 36. Qe4 Qh6 37. g4 Nh4 38. Rd3 Rf4 39. Qxe5 Rxg4+ 40. Kf1 Qf6 41. Qe8+ Kh7 42. Rf3+ Kh6 43. Rxf6+ gxf6 44. Qh8# 1-0


[Site "https://www.chess.com"]

[Event "Titled Tuesday Blitz August 08 Late 2023"]
[White "Prithu Gupta"]
[Black "De Arruda, Leandro Formes"]
[WhiteFideId "46618546"]
[BlackFideId "22722009"]
[WhiteElo "2462"]
[BlackElo "2209"]
[Result "0-1"]
[Round "2"]
[TimeControl "180+1"]
[Date "2023.08.08"]
[WhiteClock "0:00:32"]
[BlackClock "0:00:15"]
[Board "176"]

1. c4 e6 2. g3 d5 3. Bg2 Nf6 4. Nf3 c6 5. O-O Be7 6. d3 O-O 7. Nc3 dxc4 8. dxc4 Qxd1 9. Rxd1 Nbd7 10. Bf4 Nb6 11. b3 Nh5 12. Bd6 Bxd6 13. Rxd6 Nd7 14. Rad1 Nhf6 15. g4 h6 16. h4 Nc5 17. g5 Nfe4 18. Nxe4 Nxe4 19. Rd8 Nc3 20. Rxf8+ Kxf8 21. Rd8+ Ke7 22. Rg8 hxg5 23. Nxg5 Kf6 24. Ne4+ Nxe4 25. Bxe4 a5 26. a4 g6 27. f4 Ke7 28. Kf2 Rb8 29. Bd3 Ra8 30. Kf3 b6 31. Rg7 Kf8 0-1


[Site "https://www.chess.com"]

[Event "Titled Tuesday Blitz August 08 Late 2023"]
[White "Thiel, Thomas"]
[Black "Salazar Farias, Luis German"]
[WhiteFideId "4615964"]
[BlackFideId "3902170"]
[WhiteElo "2205"]
[BlackElo "2461"]
[Result "0-1"]
[Round "2"]
[TimeControl "180+1"]
[Date "2023.08.08"]
[WhiteClock "0:00:00"]
[BlackClock "0:00:10"]
[Board "177"]

1. e4 c6 2. d4 d5 3. exd5 cxd5 4. c4 Nf6 5. Nc3 g6 6. Qb3 Bg7 7. cxd5 O-O 8. Be2 Na6 9. Bf3 b5 10. d6 Rb8 11. dxe7 Qxe7+ 12. Nge2 Be6 13. Qd1 b4 14. Nb1 Bd5 15. Bxd5 Nxd5 16. O-O Rfe8 17. Ng3 Nac7 18. Nd2 Nb5 19. Nf3 a5 20. Bg5 Qa7 21. Ne2 a4 22. Rc1 a3 23. bxa3 Ndc3 24. Nxc3 Nxc3 25. Rxc3 bxc3 26. Qc2 Qxa3 27. Bc1 Qb4 28. h3 Qc4 29. Bf4 Rb2 30. Qc1 Rxa2 31. Be5 c2 32. Bxg7 Kxg7 0-1


[Site "https://www.chess.com"]

[Event "Titled Tuesday Blitz August 08 Late 2023"]
[White "Clawitter, Craig"]
[Black "Cheer_Down"]
[WhiteFideId "2023105"]
[WhiteElo "2197"]
[BlackElo "2460"]
[Result "0-1"]
[Round "2"]
[TimeControl "180+1"]
[Date "2023.08.08"]
[WhiteClock "0:01:13"]
[BlackClock "0:01:16"]
[Board "178"]

1. e4 e5 2. Nf3 Nc6 3. Bb5 a6 4. Ba4 Nf6 5. O-O Be7 6. Re1 b5 7. Bb3 O-O 8. h3 Bb7 9. d3 d5 10. exd5 Nxd5 11. Nxe5 Nxe5 12. Rxe5 Qd6 13. Re1 Rae8 14. Nc3 Nxc3 15. bxc3 Qc6 16. Qg4 h5 17. Qe4 Bd6 18. Bxf7+ Kxf7 19. Qf5+ Kg8 0-1


[Site "https://www.chess.com"]

[Event "Titled Tuesday Blitz August 08 Late 2023"]
[White "ChessSG1"]
[Black "Petersson, Kjell"]
[BlackFideId "1705148"]
[WhiteElo "2459"]
[BlackElo "2196"]
[Result "1-0"]
[Round "2"]
[TimeControl "180+1"]
[Date "2023.08.08"]
[WhiteClock "0:00:54"]
[BlackClock "0:00:29"]
[Board "179"]

1. c4 f5 2. g3 Nf6 3. Bg2 e6 4. Nf3 d5 5. d4 c6 6. O-O Bd6 7. b3 Qe7 8. a4 a5 9. Ba3 Na6 10. Bxd6 Qxd6 11. Ne5 O-O 12. Nd2 Bd7 13. Ndf3 Be8 14. Nd3 Bh5 15. Nf4 Bxf3 16. Bxf3 Nb4 17. e3 Rad8 18. Nd3 h6 19. c5 Qc7 20. Nxb4 axb4 21. Qd2 Qa5 22. Qd3 Rde8 23. Be2 Ne4 24. Bh5 Re7 25. Rac1 Kh7 26. Bd1 g6 27. Bc2 Ng5 28. f3 Ref7 29. h4 Nh3+ 30. Kg2 g5 31. Kxh3 Qd8 32. h5 Kh8 33. Kg2 f4 34. exf4 gxf4 35. Qg6 Rf6 36. Qh7# 1-0


[Site "https://www.chess.com"]

[Event "Titled Tuesday Blitz August 08 Late 2023"]
[White "Guerrero Vargas, Andres Jesus"]
[Black "Butti, Enrique"]
[WhiteFideId "3902048"]
[BlackFideId "3700470"]
[WhiteElo "2459"]
[BlackElo "2194"]
[Result "0-1"]
[Round "2"]
[TimeControl "180+1"]
[Date "2023.08.08"]
[WhiteClock "0:00:04"]
[BlackClock "0:00:31"]
[Board "180"]

1. e4 c5 2. d4 cxd4 3. c3 d3 4. c4 Nc6 5. Nc3 g6 6. Bxd3 Bg7 7. Nge2 d6 8. h3 Nf6 9. O-O O-O 10. Be3 Be6 11. Rc1 Ne5 12. b3 Nxd3 13. Qxd3 a6 14. f4 Rc8 15. g4 Bd7 16. g5 Nh5 17. Nd5 Bc6 18. f5 b5 19. Bd4 bxc4 20. bxc4 Bxd5 21. exd5 Qd7 22. Bxg7 Kxg7 23. Nd4 Qa4 24. Nc6 Rxc6 25. dxc6 Qxc6 26. f6+ exf6 27. gxf6+ Kg8 28. Qd5 Qb6+ 29. Kg2 Re8 30. Rce1 Rxe1 31. Rxe1 Nxf6 32. Qd2 Qc5 33. Qc3 Qg5+ 34. Kh2 h5 35. Rg1 Qf5 36. Qg3 Ne4 37. Qg2 Qf4+ 38. Kh1 Nf2+ 0-1


[Site "https://www.chess.com"]

[Event "Titled Tuesday Blitz August 08 Late 2023"]
[White "Lopez Perdomo, Juan David"]
[Black "Vovk, Orest"]
[WhiteFideId "4405137"]
[BlackFideId "14113490"]
[WhiteElo "2193"]
[BlackElo "2458"]
[Result "0-1"]
[Round "2"]
[TimeControl "180+1"]
[Date "2023.08.08"]
[WhiteClock "0:00:18"]
[BlackClock "0:00:56"]
[Board "181"]

1. d4 h6 2. e4 g5 3. c4 Bg7 4. Be3 c5 5. Nc3 Nc6 6. d5 Nd4 7. Nf3 Nxf3+ 8. gxf3 Bxc3+ 9. bxc3 d6 10. h4 gxh4 11. f4 Qa5 12. Bd2 Nf6 13. Qe2 Kd8 14. Rxh4 Bd7 15. e5 Ne8 16. Bg2 Kc7 17. Qf3 Ng7 18. Bh3 Nf5 19. Bxf5 Bxf5 20. Rh5 Bg6 21. Rh4 Bc2 22. f5 f6 23. e6 Rag8 24. Ke2 Qa3 25. Rxh6 Rxh6 26. Bxh6 Qb2 27. Rc1 Be4+ 28. Kd1 Rg1# 0-1


[Site "https://www.chess.com"]

[Event "Titled Tuesday Blitz August 08 Late 2023"]
[White "Sathish, Pranav"]
[Black "Fernandez Bustamante, Leancy B."]
[WhiteFideId "30967538"]
[BlackFideId "3523870"]
[WhiteElo "2457"]
[BlackElo "2193"]
[Result "1-0"]
[Round "2"]
[TimeControl "180+1"]
[Date "2023.08.08"]
[WhiteClock "0:00:36"]
[BlackClock "0:00:05"]
[Board "182"]

1. Nf3 c5 2. b3 Nf6 3. Bb2 e6 4. g3 Be7 5. Bg2 O-O 6. O-O d6 7. c4 Nc6 8. d4 cxd4 9. Nxd4 Nxd4 10. Qxd4 a6 11. Nc3 Rb8 12. a4 Qa5 13. Rfd1 Qh5 14. Bf3 Qh6 15. Ba3 Rd8 16. Qa7 Bd7 17. Bxd6 Bxd6 18. Rxd6 Bc6 19. Rad1 Re8 20. Bxc6 bxc6 21. Qxb8 Rxb8 22. Rd8+ Ne8 23. Rxb8 Kf8 24. Rdd8 g6 25. Rxe8+ Kg7 26. Ne4 Qc1+ 27. Kg2 Qb1 28. Ng5 h6 29. Nf3 Qe4 30. Rg8+ Kf6 31. Rgd8 c5 32. Rd3 g5 33. Re3 Qc6 34. h3 h5 35. Rg8 g4 36. hxg4 hxg4 37. Rxg4 a5 38. Rf4+ Ke7 39. Kh2 Qa8 40. Ne5 Qh8+ 41. Kg2 Qa8+ 42. Kg1 f5 43. Nd3 Kf6 44. Nxc5 e5 45. Nd7+ Kg5 46. Nxe5 Qb8 47. Ref3 Qb4 48. Rxf5+ Kh6 49. Kg2 Qb7 50. Rf6+ Kh5 51. g4+ Kh4 52. Rh6+ Kg5 53. Rh5# 1-0


[Site "https://www.chess.com"]

[Event "Titled Tuesday Blitz August 08 Late 2023"]
[White "Francisco_Ferrari"]
[Black "Hristodoulou, Panagiotis"]
[BlackFideId "4214340"]
[WhiteElo "2180"]
[BlackElo "2457"]
[Result "0-1"]
[Round "2"]
[TimeControl "180+1"]
[Date "2023.08.08"]
[WhiteClock "0:00:02"]
[BlackClock "0:00:30"]
[Board "183"]

1. e4 Nf6 2. e5 Nd5 3. d4 d6 4. c4 Nb6 5. f4 g6 6. Nf3 Bg7 7. Nc3 O-O 8. Be3 Be6 9. d5 Bg4 10. Bd4 c5 11. Be3 N6d7 12. h3 Bxf3 13. Qxf3 dxe5 14. f5 Na6 15. g4 Qb6 16. O-O-O e4 17. Qxe4 Bxc3 18. bxc3 Qa5 19. Qc2 Nc7 20. h4 b5 21. h5 g5 22. Bxg5 bxc4 23. Bxe7 Rfe8 24. Bxc4 Nb6 25. Bf1 Ncxd5 26. Bd6 Rad8 27. Bg3 Ne3 28. Rxd8 Rxd8 29. Qb3 Rd1+ 30. Qxd1 Nxd1 31. Kxd1 Qxc3 32. Be1 Qf3+ 33. Kc2 Qxh1 34. Bd3 Qxe1 0-1


[Site "https://www.chess.com"]

[Event "Titled Tuesday Blitz August 08 Late 2023"]
[White "Yeritsyan, Hayk"]
[Black "Sabar Ethmane Daouda"]
[WhiteFideId "13307320"]
[BlackFideId "19600097"]
[WhiteElo "2449"]
[BlackElo "2175"]
[Result "0-1"]
[Round "2"]
[TimeControl "180+1"]
[Date "2023.08.08"]
[WhiteClock "0:00:07"]
[BlackClock "0:00:07"]
[Board "184"]

1. d4 d5 2. Nf3 c6 3. Bf4 e6 4. e3 f5 5. c4 Nf6 6. Nbd2 Nbd7 7. Bd3 Be7 8. O-O Nh5 9. Be5 Nxe5 10. Nxe5 Nf6 11. c5 O-O 12. f4 Ne4 13. Bxe4 fxe4 14. Qe2 Bd7 15. b4 Be8 16. a4 a6 17. Qg4 Qc8 18. Nb3 Rf5 19. Nc1 Bf8 20. Ne2 Bh5 21. Qh3 Bxe2 22. Rfe1 Bd3 23. g4 Rf6 24. Rad1 a5 25. Nxd3 exd3 26. b5 b6 27. cxb6 cxb5 28. axb5 Qb7 29. g5 Rf5 30. Rxd3 Qxb6 31. Rb1 Bb4 32. Qg2 Qxb5 33. Qc2 Rff8 34. Rc3 Qe8 35. Rc7 Rc8 36. Rc1 Rxc7 37. Qxc7 Bd2 38. Rf1 Bxe3+ 39. Kg2 Bxd4 40. Re1 e5 41. fxe5 Rf2+ 42. Kg3 Qe6 43. Qd8+ Kf7 44. Qc7+ Kg6 45. Qc1 Qf5 46. Qb1 Qxb1 47. Rxb1 Rd2 48. Re1 a4 49. e6 Bc5 50. e7 Bxe7 51. Rxe7 a3 52. Ra7 a2 53. h4 h5 54. gxh6 gxh6 55. Kg4 Rd4+ 56. Kg3 Rd2 57. Kg4 Kf6 58. Kf4 Ke6 59. Ra6+ Kd7 60. h5 Kc7 61. Kf5 Kb7 62. Ra3 Rg2 63. Ke6 Kc6 64. Kf6 Kc5 65. Ra5+ Kb4 66. Ra8 Kb3 67. Rb8+ Kc2 68. Ra8 Kb1 69. Rb8+ Rb2 70. Ra8 a1=Q 71. Rxa1+ Kxa1 72. Kg6 Rh2 73. Kxh6 d4 74. Kg5 d3 75. Kf4 d2 76. Kg3 d1=Q 77. Kxh2 Qxh5+ 0-1


[Site "https://www.chess.com"]

[Event "Titled Tuesday Blitz August 08 Late 2023"]
[White "campochess"]
[Black "whiteglovethief"]
[WhiteElo "2173"]
[BlackElo "2447"]
[Result "0-1"]
[Round "2"]
[TimeControl "180+1"]
[Date "2023.08.08"]
[WhiteClock "0:02:14"]
[BlackClock "0:02:03"]
[Board "185"]

1. d4 Nf6 2. Bg5 Ne4 3. h4 h6 4. Bf4 d5 5. f3 Nf6 6. c4 e6 7. Nc3 Bb4 8. e3 O-O 9. Ne2 c5 10. a3 Bxc3+ 11. bxc3 dxc4 12. dxc5 Qxd1+ 13. Kxd1 Nd5 14. Kc2 e5 15. Bg3 Nxe3+ 16. Kb2 f6 17. Bf2 Nf5 18. Nc1 Be6 19. g4 Ne7 20. Na2 Rc8 21. Nb4 a5 22. Nc2 Na6 23. Ne3 Nxc5 24. Bxc4 Bxc4 25. Nxc4 Nd3+ 26. Kc2 Nxf2 27. Rh2 Rxc4 28. Rxf2 Rac8 29. Rd2 Rxc3+ 30. Kd1 Nc6 0-1


[Site "https://www.chess.com"]

[Event "Titled Tuesday Blitz August 08 Late 2023"]
[White "szachmistrz2500"]
[Black "Osmonbekov, Talaibek"]
[BlackFideId "2017253"]
[WhiteElo "2440"]
[BlackElo "2173"]
[Result "1-0"]
[Round "2"]
[TimeControl "180+1"]
[Date "2023.08.08"]
[WhiteClock "0:00:20"]
[BlackClock "0:00:00"]
[Board "186"]

1. Nf3 f5 2. d3 Nf6 3. e4 d6 4. e5 dxe5 5. Nxe5 e6 6. Qe2 Bd6 7. Nc3 O-O 8. g3 Bxe5 9. Qxe5 Nc6 10. Qe2 Nd4 11. Qd1 e5 12. Bg2 f4 13. O-O Bg4 14. f3 Bh5 15. gxf4 Nd5 16. fxe5 Nf4 17. Bxf4 Rxf4 18. Ne2 Nxf3+ 19. Kh1 Qh4 20. h3 Raf8 21. Nxf4 Qxf4 22. Rxf3 Bxf3 23. Qxf3 Qxf3 24. Bxf3 Rxf3 25. Kg2 Re3 26. d4 Re2+ 27. Kf3 Rxc2 28. b3 Kf7 29. Ke4 c6 30. Rf1+ Ke7 31. Rg1 g6 32. Rg4 Rxa2 33. Rh4 h5 34. Rf4 Rg2 35. Rf6 Rg3 36. h4 Rg4+ 37. Ke3 a5 38. Kd3 Rxh4 39. Rxg6 Rh3+ 40. Kc4 b5+ 41. Kc5 Rc3+ 42. Kb6 a4 43. bxa4 bxa4 44. Rh6 a3 45. Rxh5 a2 46. Rh7+ Ke6 47. Ra7 1-0


[Site "https://www.chess.com"]

[Event "Titled Tuesday Blitz August 08 Late 2023"]
[White "Novikova, Margarita"]
[Black "WindWhistler11"]
[WhiteFideId "14109689"]
[WhiteElo "2131"]
[BlackElo "2439"]
[Result "1-0"]
[Round "2"]
[TimeControl "180+1"]
[Date "2023.08.08"]
[WhiteClock "0:00:22"]
[BlackClock "0:00:23"]
[Board "187"]

1. e4 e6 2. d4 d5 3. Nd2 Nc6 4. c3 Nf6 5. Bd3 e5 6. exd5 Qxd5 7. dxe5 Qxg2 8. Qf3 Qxf3 9. Ngxf3 Ng4 10. Nc4 Bc5 11. O-O Be6 12. Bf4 Bd5 13. Be2 O-O-O 14. h3 Nh6 15. Bxh6 gxh6 16. b4 Be7 17. b5 Nb8 18. Ne3 Be6 19. Kh2 Nd7 20. Bc4 Nc5 21. Bxe6+ fxe6 22. Nd4 Rdf8 23. f4 Rhg8 24. Rf3 Ne4 25. c4 Bh4 26. Nxe6 Rf7 27. Rg1 Rxg1 28. Kxg1 Bg3 29. Nd5 Kd7 30. Nd4 Bh4 31. e6+ Ke8 32. exf7+ Kxf7 33. Nf5 Bd8 34. Re3 Nf6 35. Nxf6 Kxf6 36. Kg2 Kxf5 37. Kf3 c6 38. Re8 Bc7 39. Rh8 Bxf4 40. Rf8+ Ke5 41. Rxf4 cxb5 42. cxb5 Kd6 43. Rh4 Kc5 44. Rxh6 1-0


[Site "https://www.chess.com"]

[Event "Titled Tuesday Blitz August 08 Late 2023"]
[White "Kielinkei"]
[Black "Guevara Sanchez, Erick Marvin"]
[BlackFideId "6700136"]
[WhiteElo "2438"]
[BlackElo "2115"]
[Result "1-0"]
[Round "2"]
[TimeControl "180+1"]
[Date "2023.08.08"]
[WhiteClock "0:00:09"]
[BlackClock "0:00:14"]
[Board "188"]

1. c4 e6 2. Nc3 Nf6 3. g3 d5 4. d4 c5 5. cxd5 exd5 6. Nf3 Nc6 7. Bg2 cxd4 8. Nxd4 Bc5 9. Nb3 Bb4 10. O-O d4 11. Nb5 O-O 12. N5xd4 Nxd4 13. Qxd4 Qxd4 14. Nxd4 Rd8 15. Nb3 a5 16. a3 Be7 17. Bg5 h6 18. Bf4 Be6 19. Nd2 Nd5 20. Nf3 Nxf4 21. gxf4 Bf6 22. Ne5 Rd2 23. Bxb7 Rd4 24. e3 Bxe5 25. exd4 Rb8 26. fxe5 Rxb7 27. b4 axb4 28. axb4 Rxb4 29. Rad1 Bd5 30. f3 Kh7 31. Rf2 Rb3 32. Kg2 g5 33. Kg3 h5 34. h4 g4 35. Rc1 Bxf3 36. Kf4 Bd5 37. Rc5 Bf3 38. d5 Rd3 39. d6 Kg6 40. Rc7 Rd4+ 41. Kg3 Rd5 42. Re7 Rd3 43. d7 Bc6+ 44. Kf4 Bxd7 45. Rb2 Be6 46. Rb8 Rd4+ 47. Ke3 Ra4 48. Rbe8 Ra3+ 49. Kf4 Rf3+ 50. Ke4 Bf5+ 51. Kd4 Rf4+ 52. Ke3 Re4+ 53. Kf2 Be6 54. Rg8+ Kh7 55. Rg5 Kh6 56. Re8 Rf4+ 57. Kg3 Rf3+ 58. Kg2 Kh7 59. Rxh5+ Kg7 60. Rg5+ Kh7 61. h5 Bd5 62. Kg1 g3 63. Reg8 Be4 64. R8g7+ Kh6 65. Rxg3 Rxg3+ 66. Rxg3 Kxh5 67. Kf2 Bd5 68. Ke3 Kh4 69. Kf4 Kh5 70. Rg7 Be6 71. Rg1 Kh6 72. Rg3 Kh5 73. Rg5+ Kh6 74. Rg1 Kh5 75. Ke4 Kh6 76. Kd4 Kh5 77. Kc5 Bg4 78. Kd6 Kg5 79. Ke7 Kf5 80. Rxg4 Kxg4 81. Kxf7 Kf5 82. e6 Kg5 83. e7 Kh5 84. e8=Q Kh6 85. Qg8 Kh5 86. Qg3 Kh6 87. Qg4 Kh7 88. Qh5# 1-0


[Site "https://www.chess.com"]

[Event "Titled Tuesday Blitz August 08 Late 2023"]
[White "Semenova, Alina"]
[Black "Kubatko, Ivan"]
[WhiteFideId "24113875"]
[BlackFideId "24111473"]
[WhiteElo "2107"]
[BlackElo "2438"]
[Result "0-1"]
[Round "2"]
[TimeControl "180+1"]
[Date "2023.08.08"]
[WhiteClock "0:00:00"]
[BlackClock "0:01:02"]
[Board "189"]

1. e4 d5 2. exd5 Qxd5 3. Nc3 Qa5 4. Nf3 Nf6 5. d4 Bg4 6. Be2 Nc6 7. Be3 O-O-O 8. O-O e5 9. Nb5 a6 10. a4 exd4 11. Nfxd4 Bxe2 12. Qxe2 Nxd4 13. Nxd4 c5 14. Nb3 Qc7 15. Qc4 Bd6 16. Nxc5 Bxh2+ 17. Kh1 Bd6 18. b4 h5 19. b5 b6 0-1


[Site "https://www.chess.com"]

[Event "Titled Tuesday Blitz August 08 Late 2023"]
[White "Maluco_do_Natal_00"]
[Black "Swicarz, Maciej"]
[BlackFideId "1113585"]
[WhiteElo "2075"]
[BlackElo "2435"]
[Result "0-1"]
[Round "2"]
[TimeControl "180+1"]
[Date "2023.08.08"]
[WhiteClock "0:00:02"]
[BlackClock "0:00:33"]
[Board "190"]

1. e4 c5 2. Nf3 d6 3. d4 cxd4 4. Nxd4 Nf6 5. Nc3 a6 6. Be3 e5 7. Nb3 Be7 8. f3 Be6 9. Qd2 h5 10. O-O-O Nbd7 11. h3 b5 12. a3 Rc8 13. Kb1 Qc7 14. Be2 Nb6 15. Na5 h4 16. f4 d5 17. fxe5 Nxe4 18. Nxe4 dxe4 19. Bg4 Nd5 20. Bd4 e3 21. Qe1 Qxc2+ 22. Ka1 Nf4 23. Bxe6 fxe6 24. Qxe3 Nxg2 25. Qf3 Rf8 26. Qh5+ g6 27. Qg4 Nf4 28. Rc1 Qxc1+ 29. Rxc1 Rxc1+ 30. Ka2 g5 31. Nb7 Rc4 32. Bc3 Rf5 33. Nd6+ Bxd6 34. exd6 Nd5 35. Qh5+ Kd7 36. Qh7+ Kxd6 37. Qa7 Nxc3+ 38. bxc3 Rxc3 39. Qxa6+ Rc6 40. Qa5 Rfc5 41. Qd2+ Ke7 42. Qf2 Rc2+ 43. Qxc2 Rxc2+ 0-1


[Site "https://www.chess.com"]

[Event "Titled Tuesday Blitz August 08 Late 2023"]
[White "Nikulina, Alena"]
[Black "chessmateto"]
[WhiteFideId "4172051"]
[WhiteElo "2074"]
[BlackElo "2432"]
[Result "0-1"]
[Round "2"]
[TimeControl "180+1"]
[Date "2023.08.08"]
[WhiteClock "0:00:26"]
[BlackClock "0:01:22"]
[Board "191"]

1. e4 c6 2. Nc3 d5 3. Qe2 dxe4 4. Nxe4 Bf5 5. g3 e6 6. Bg2 Nf6 7. Nxf6+ Qxf6 8. d3 Bb4+ 9. c3 Bd6 10. d4 O-O 11. Nf3 Nd7 12. h4 e5 13. dxe5 Nxe5 14. Nxe5 Bxe5 15. O-O Rfe8 16. Bg5 Qg6 17. Qc4 Bd3 18. Qb4 Bxf1 19. Bxf1 h6 20. Bf4 Bxf4 21. Qxf4 Qe4 22. Qc7 Re7 23. Qd6 Rae8 24. Rd1 Qg6 25. Qc5 Re1 26. Rd7 Qb1 27. Qc4 Rxf1+ 28. Qxf1 Re1 29. Rd8+ Kh7 0-1


[Site "https://www.chess.com"]